Map: Moonlight Madness LE (Void)

Players

Martrix - Winner!

  • Race: Zerg Zerg
  • League: Grandmaster

Javert

  • Race: Zerg Zerg
  • League: Gold

VOD

Have the link to the VOD?

Description

Time

  • Played on: Sept. 8, 2015, 10:54 p.m.
  • Length: 10:33
Show
View Real Time Build Order
Export as new Build Order

Martrix Zerg - Winner!

Build Orders: Pool First 

Get SALT Encoding   

  12  0:01  Drone  
  13  0:09  Drone  
  14  0:19  Extractor  
  13  0:30  Spawning Pool  
  13  0:33  Drone  
  13  0:36  Drone  
  14  0:47  Overlord  
  14  1:17  Zergling x6  
  17  1:24  Metabolic Boost  
  17  1:26  Queen  
  17  1:30  Drone  
  20  1:56  Hatchery  
  20  1:59  Overlord  
  19  2:03  Drone  
  20  2:29  Drone x3  
  23  2:40  Drone  
  23  2:41  Drone x2  
  25  2:58  Roach Warren, Overlord  
  23  3:02  Queen  
  25  3:12  Zergling x10  
  30  3:31  Drone x2  
  30  3:32  Drone  
  33  3:44  Roach x5  
  43  3:55  Spine Crawler  
  43  3:56  Overlord  
  42  4:11  Drone x2  
  42  4:13  Overlord  
  44  4:24  Drone  
  44  4:25  Drone x5  
  50  4:41  Drone  
  50  4:42  Drone x6  
  57  5:05  Drone  
  57  5:06  Roach x2  
  59  5:13  Extractor  
  57  5:16  Extractor  
  57  5:18  Overlord x2  
  57  5:20  Lair  
  56  5:27  Ravager x2  
  58  5:32  Hatchery  
  57  5:49  Roach x2  
  61  5:50  Roach x3  
  61  5:56  Overlord x2, Roach  
  69  5:57  Overlord  
  69  5:58  Roach  
  69  5:59  Overlord  
  69  6:01  Queen  
  73  6:09  Roach  
  75  6:15  Drone  
  75  6:16  Drone, Roach  
  75  6:17  Roach x4  
  87  6:21  Queen  
  89  6:27  Glial Reconstitution  
  89  6:36  Drone x3, Extractor  
  90  6:59  Roach x4  
  90  7:00  Roach x5  
  105  7:32  Roach x4  
  105  7:35  Overlord x3  
  113  7:41  Drone x2  
  113  7:44  Overseer  
  114  7:48  Overlord  
  114  7:49  Overlord x2  
  114  7:55  Ravager x3  
  117  8:03  Hatchery, Drone x2  
  117  8:04  Drone x7  
  125  8:05  Drone  
  125  8:07  Drone  
  94  8:58  Roach x3  
  94  8:59  Roach x4  
  106  9:05  Roach x11  
  124  9:14  Roach x5  
  128  9:32  Roach  
  128  9:33  Roach x6  
  136  9:45  Roach x4  
  140  9:46  Roach  
  140  9:48  Drone x3  
  140  9:49  Drone x4  
  149  9:53  Drone  
  149  9:54  Drone x3  
  147  10:02  Ravager  
  147  10:05  Ravager  
  149  10:09  Hatchery, Drone  
  149  10:10  Drone x2  
  159  10:26  Extractor  
  159  10:28  Extractor x3  
Show
View Real Time Build Order
Export as new Build Order

Javert Zerg 

Build Orders: Pool First 

Get SALT Encoding   

  12  0:01  Drone  
  13  0:13  Overlord  
  13  0:18  Drone  
  14  0:33  Drone x2  
  16  0:36  Drone  
  17  0:47  Spawning Pool  
  17  0:49  Drone  
  17  1:07  Drone  
  18  1:11  Drone  
  18  1:17  Hatchery  
  18  1:32  Extractor  
  17  1:35  Roach Warren  
  17  1:37  Queen  
  18  1:43  Overlord  
  20  2:15  Roach  
  19  2:27  Roach x2  
  23  2:36  Roach  
  25  2:48  Hatchery  
  24  2:54  Drone x2  
  24  2:55  Drone x3  
  29  3:05  Overlord  
  29  3:31  Drone  
  29  3:32  Drone x4  
  34  3:49  Hatchery  
  36  3:55  Roach  
  36  3:56  Roach  
  36  3:58  Overlord x2  
  36  4:01  Queen  
  40  4:21  Drone x4  
  44  4:34  Hatchery  
  43  4:40  Ravager  
  43  4:41  Ravager  
  45  4:47  Drone  
  45  4:48  Drone x4  
  50  5:07  Drone x3  
  55  5:16  Lair  
  55  5:18  Overlord x2  
  55  5:20  Extractor  
  52  5:22  Evolution Chamber  
  52  5:24  Evolution Chamber  
  52  5:25  Drone x4  
  52  5:27  Extractor  
  53  5:39  Drone x2  
  55  5:43  Extractor  
  54  5:52  Zerg Missile Weapons Level 1, Baneling Nest  
  54  5:56  Drone x4  
  54  5:57  Drone x4  
  60  6:03  Drone x3  
  64  6:13  Glial Reconstitution  
  64  6:16  Overseer  
  64  6:20  Drone  
  64  6:21  Drone x5  
  70  6:27  Queen  
  72  6:34  Zerg Ground Armor Level 1  
  72  6:40  Roach  
  72  6:41  Roach x2  
  78  6:50  Roach  
  78  6:51  Roach  
  78  6:53  Overlord x2  
  82  6:56  Spine Crawler  
  82  6:59  Spine Crawler  
  80  7:01  Spine Crawler  
  79  7:13  Roach x5  
  89  7:30  Overlord x2  
  89  7:41  Overlord  
  89  7:42  Overlord  
  89  7:43  Extractor  
  88  7:45  Extractor  
  88  7:49  Spine Crawler  
  88  7:50  Spine Crawler  
  85  7:52  Drone  
  85  7:53  Drone x15  
  85  7:54  Hydralisk Den  
  85  7:57  Zerg Missile Weapons Level 2  
  100  8:04  Ravager x7  
  100  8:05  Ravager  
  108  8:11  Overlord x2  
  108  8:20  Overseer x2  
  108  8:24  Roach x5  
  118  8:32  Overlord  
  118  8:34  Roach  
  118  8:35  Roach x3  
  94  8:58  Roach x10  
  108  9:08  Burrow  
  108  9:12  Drone x3  
  108  9:13  Drone x2  
  113  9:24  Zergling x20  
  113  9:43  Roach x2  
  113  9:44  Roach x6  
  123  9:58  Roach x6  
  127  10:13  Drone x3  
Tags
 
Add a new tag
Caveats
  • Supply blocks, unpowered buildings, or Contaminate may cause inaccurate times.
  • Supply counts are checked every 10 seconds.